 Dungeon Crawl Stone Soup version 0.28-a0-32-g8dfe7f97f6 (webtiles) character file.

Game seed: 12121342049239526211

98 BorisBritva the Cudgeller (level 4, -7/40 (41) HPs)
             Began as a Minotaur Chaos Knight on July 27, 2021.
             Was a Plaything of Xom.
             Mangled by Crazy Yiuf (10 damage)
             ... on level 2 of the Dungeon.
             The game lasted 00:03:29 (1488 turns).

BorisBritva the Cudgeller (Minotaur Chaos Knight)   Turns: 1488, Time: 00:03:29

HP:   -7/40 (41)    AC: 11    Str: 17    XL:     4   Next: 44%
MP:   3/3           EV:  5    Int:  9    God:    Xom [...*..]
Gold: 53            SH:  0    Dex: 10    Spells: 3/3 levels left

rFire   . . .      SeeInvis .   a - +0 mace (chaos)
rCold   . . .      Faith    .   (no shield)
rNeg    . . .      Spirit   .   c - +0 plate armour
rPois   .          Reflect  .   (helmet restricted)
rElec   .          Harm     .   (no cloak)
rCorr   .          Rampage  .   (no gloves)
Will    .....                   (no boots)
Stlth   ..........              (no amulet)
HPRegen 0.13/turn               (no ring)
MPRegen 0.08/turn               (no ring)

@: lightly drained
A: horns 2, retaliatory headbutt
a: Renounce Religion


You were on level 2 of the Dungeon.
You worshipped Xom.
You were a favourite toy of Xom.
You visited 1 branch of the dungeon, and saw 2 of its levels.

You collected 53 gold pieces.

Inventory:

Hand Weapons
 a - a +0 mace of chaos (weapon)
Armour
 c - a +0 plate armour (worn)
Scrolls
 g - a scroll of magic mapping {unknown}
 h - a scroll of torment {unknown}
 i - a scroll of amnesia {unknown}
Potions
 d - a potion of haste {unknown}
 f - a potion of curing {unknown}


   Skills:
 + Level 4.5 Fighting
 + Level 5.1 Maces & Flails
 + Level 3.0 Armour
 + Level 1.8 Dodging


You had 3 spell levels left.
You didn't know any spells.
Your spell library was empty.

Dungeon Overview and Level Annotations

Branches:
Dungeon (2/15)

Altars:

Annotations:
D:2 1 runed translucent door, Crazy Yiuf


Innate Abilities, Weirdness & Mutations

You have a pair of horns on your head.
You reflexively headbutt those who attack you in melee.


Message History

You continue taking off your +2 leather armour. x4
You finish taking off your +2 leather armour.
You start putting on your armour.
You continue putting on your +0 plate armour. x5
You finish putting on your +0 plate armour.
You drop a +2 leather armour. "Where it stops, nobody knows!"
Your surroundings suddenly seem different.
Your surroundings suddenly seem different.
Your surroundings suddenly seem different.
Your surroundings suddenly seem different.
Your surroundings suddenly seem different.
Your surroundings suddenly seem different.
Your surroundings suddenly seem different.
Your surroundings suddenly seem different.
Your surroundings suddenly seem different.
You are now a favourite toy of Xom.
Found a mace.
Found a runed translucent door.
Crazy Yiuf the Enlightened comes into view.
He is wielding a +3 quarterstaff of chaos.
The helpless Crazy Yiuf fails to defend himself.
You hit Crazy Yiuf. You freeze Crazy Yiuf.
Crazy Yiuf is heavily wounded.
Crazy Yiuf barely misses you.
You hit Crazy Yiuf. Your headbutt misses Crazy Yiuf.
Crazy Yiuf is heavily wounded.
Crazy Yiuf hits you but does no damage.
You are electrocuted!
Crazy Yiuf hits you with a +3 quarterstaff of chaos!
* * * LOW HITPOINT WARNING * * *
Your plate armour prevents you from hitting Crazy Yiuf.
You headbutt Crazy Yiuf.
Crazy Yiuf is severely wounded.
Crazy Yiuf hits you with a +3 quarterstaff of chaos.
* * * LOW HITPOINT WARNING * * *
You feel drained.
* * * LOW HITPOINT WARNING * * *
You hit Crazy Yiuf.
Crazy Yiuf seems to speed up.
Xom thinks this is hilarious!
Crazy Yiuf is almost dead.
Crazy Yiuf hits you with a +3 quarterstaff of chaos!
You die...

.##......#
##.#
.##.######
#.# .##.#
### .##.#
###.#
#...#####
#####
..##.#..##
###..)#
###).....##
#.+..g#
###.......#
#.@.#
..#..#.#.#.#
#####
.....##### #
#....#
##...######
#........#
#........#
#........#
#)......ยง#


You could see Crazy Yiuf (fast).

Vanquished Creatures
  A centaur skeleton (D:2)
  An adder (D:2)
  3 ball pythons (D:1)
  4 endoplasms
  7 giant cockroaches
  5 goblins
  6 hobgoblins (D:1)
  2 jackals (D:2)
  3 quokkas
  6 bats
  4 frilled lizards (D:1)
  7 kobolds
  6 rats
55 creatures vanquished.

Notes
Turn   | Place    | Note
-------+----------+-------------------------------------------
     0 | D:1      | BorisBritva the Minotaur Chaos Knight began the quest for
                  | the Orb.
     0 | D:1      | Reached XP level 1. HP: 19/19 MP: 0/0
    85 | D:1      | Reached skill level 4 in Maces & Flails
    87 | D:1      | Reached XP level 2. HP: 20/27 MP: 1/1
   348 | D:1      | XOM: silly message
   436 | D:1      | XOM: divination: detect creatures
   522 | D:1      | XOM: divination: detect creatures
   527 | D:1      | Reached XP level 3. HP: 33/33 MP: 2/2
   667 | D:1      | XOM: silly message
   723 | D:1      | XOM: smoke on damage
  1239 | D:2      | Reached XP level 4. HP: 34/41 MP: 3/3
  1245 | D:2      | Reached skill level 5 in Maces & Flails
  1258 | D:2      | XOM: 2-stop teleportation journey
  1338 | D:2      | XOM: torment (11/41 hp)
  1484 | D:2      | Found a runed translucent door.
  1484 | D:2      | XOM: 9-stop teleportation journey
  1485 | D:2      | Noticed Crazy Yiuf
  1488 | D:2      | Mangled by Crazy Yiuf

Illustrated notes

Levels and vault maps discovered:
D:1:      dpeg_arrival_rooms_b, layout_rooms, minmay_curled_crystal,
          grunt_decor_fettered
D:2:      kennysheep_six_static_rooms, layout_rooms, uniq_crazy_yiuf_cottage

Skill      XL: |  1  2  3  4 |
---------------+-------------+-----
Maces & Flails | 4 5 |  5.1
Fighting       | 4 |  4.5
Armour         | 3 |  3.0
Dodging        | |  1.8

Action                   |  1- 3 |  4- 6 || total
-------------------------+-------+-------++-------
Melee: Mace              |   102 |    20 ||   122
       Headbutt          |    10 |     3 ||    13
  Use: Scroll            |     1 |       ||     1
 Stab: Sleeping          |       |     1 ||     1
Armor: Leather armour    |    45 |     5 ||    50
       Plate armour      |       |     1 ||     1
Dodge: Dodged            |    70 |     7 ||    77

Table legend: (Time is in decaauts)
 A = Elapsed time spent in this place.
 B = Non-inter-level travel time spent in this place.
 C = Inter-level travel time spent in this place.
 D = Time resting spent in this place.
 E = Time spent auto-exploring this place.
 F = Levels seen in this place.
 G = Mean time per level.
                   A        B        C        D        E       F      G
               +--------+--------+--------+--------+--------+-----+--------+
         Total |   1509 |   1484 |     25 |      0 |   1189 |   2 |  754.5 |
       Dungeon |   1509 |   1484 |     25 |      0 |   1189 |   2 |  754.5 |
               +--------+--------+--------+--------+--------+-----+--------+

Top non-repeatable levels by time:
     D:1: 949 daAuts
     D:2: 559 daAuts
